 Dungeon Crawl Stone Soup version 0.32-a0-30-gefbe487952 (webtiles) character file.

Game seed: 10391396160867730045

10340 Jaq the Grappler (level 11, -4/87 HPs)
             Began as a Demonspawn Shapeshifter on Jan 19, 2024.
             Was an Initiate of Gozag.
             Slain by a spriggan defender skeleton (illusionary) (5 damage)
             ... on level 1 of the Abyss.
             The game lasted 00:26:38 (10315 turns).

Jaq the Grappler (Demonspawn Shapeshifter)         Turns: 10315, Time: 00:26:38

Health: -4/87      AC: 10    Str: 22    XL:     11   Next: 34%
Magic:  11/11      EV: 10    Int: 11    God:    Gozag
Gold:   707        SH:  5    Dex: 14    Spells: 10/10 levels left

rFire   . .          .
                       - Unarmed
rCold   x . .        (no shield)
rNeg    . . .        j - +4 scale mail
rPois   +            (helmet currently unavailable)
rElec   .            (cloak currently unavailable)
rCorr   .            (gloves unavailable)
SInv    .            (boots currently unavailable)
Will    .....        r - amulet of reflection Stlth
                     q - ring "Loexopn" {rPois rC- Str+3 Dex+2}
HPRegen 0.34/turn    H - +4 ring of slaying
MPRegen 0.24/turn

%: reflection
@: beast-form, gold aura, slowed, very slow
A: beast (slay +4), spiny 2, magic regeneration, demonic touch 3
a: Begin Untransformation, Renounce Religion, Potion Petition, Call Merchant,
Bribe Branch


You were on level 1 of the Abyss.
You worshipped Gozag.
Gozag was pleased with you.
You were a hulking beast.
You visited 2 branches of the dungeon, and saw 12 of its levels.
You visited the Abyss 1 time.

You collected 2090 gold pieces.
You spent 1326 gold pieces at shops.
You paid 57 gold pieces to Gozag.

Inventory:

Hand Weapons
 s - a +6 war axe
Missiles
 g - a throwing net
 t - 3 atropa-tipped darts
 E - a dart of dispersal
Armour
 a - a +0 animal skin
 f - a +0 cloak
 i - a +0 ring mail
 j - a +4 scale mail (worn)
 n - a +0 chain mail
 x - a +1 pair of boots
Jewellery
 o - a ring of resist corrosion
 p - a +4 ring of protection
 q - the ring "Loexopn" (left hand) {rPois rC- Str+3 Dex+2}
   (You found it on level 4 of the Dungeon)

   [ring of poison resistance]

   Str+3:     It affects your strength (+3).
   Dex+2:     It affects your dexterity (+2).
   rC-:       It makes you vulnerable to cold.
   rPois:     It protects you from poison
 r - an amulet of reflection (around neck)
 w - a ring of fire
 B - a ring of see invisible
 H - a +4 ring of slaying (right hand)
Talismans
 c - a beast talisman
 d - a flux talisman
 D - a granite talisman
Wands
 k - a wand of roots (19) (quivered)
 m - a wand of flame (14)
 C - a wand of charming (14)
 F - a wand of acid (9)
Scrolls
 e - a scroll of amnesia
 h - 5 scrolls of identify
 y - a scroll of revelation
 G - a scroll of enchant armour
Potions
 b - a potion of degeneration
 v - 2 potions of mutation


   Skills:
 - Level 8.8 Fighting
 - Level 1.7 Dodging
 - Level 11.7 Unarmed Combat
 + Level 8.7 Shapeshifting


You had 10 spell levels left.
You didn't know any spells.
Your spell library contained the following spells:

 Spells                   Type           Power      Damage    Failure   Level
 Freeze                   Ice            0%         1d3       69%         1
 Magic Dart               Conj           0%         1d3       69%         1
 Searing Ray              Conj           0%         2d4       83%         2
 Fugue of the Fallen      Necr           0%         N/A       96%         3
 Hailstorm                Conj/Ice       0%         3d5       96%         3
 Ozocubu's Armour         Ice            0%         N/A       96%         3
 Summon Ice Beast         Ice/Summ       0%         N/A       96%         3
 Dispel Undead            Necr           0%         3d6       100%        4
 Fulminant Prism          Conj/Alch      0%         3d5       100%        4
 Manifold Assault         Tloc           0%         N/A       100%        4
 Martyr's Knell           Necr/Summ      0%         N/A       100%        4
 Sculpt Simulacrum        Ice/Alch       0%         N/A       100%        6


Dungeon Overview and Level Annotations

Branches:
Dungeon (11/15)            Temple (1/1) D:4            Lair (0/5) D:10
    Orc: D:9-12

Altars:
Ashenzari
Cheibriados
Dithmenos
Fedhas
Gozag
Hepliaklqana
Kikubaaqudgha
Makhleb
Nemelex Xobeh
Okawaru
Qazlal
Ru
Sif Muna
Trog
Uskayaw
Vehumet
Wu Jian
Xom
Yredelemnul

Shops:
D:1 [   D:4 *![:   D:6 ?[([?   D:10 =

Annotations:
D:4 2 runed translucent doors
D:11 Erolcha


Innate Abilities, Weirdness & Mutations

You are a hulking beast.
Your limbs bulge with bestial killing power. (Slay +4)
You are mostly covered in sharp spines.
You regenerate magic rapidly.
Your touch may irresistibly damage your foes and sap their willpower.


Message History

As you read the scroll labelled FOSAEF YTUONN, it crumbles to dust.
The creatures around you are filled with an inner flame!
It was a scroll of immolation.
The rakshasa gestures at you. The lance of force hits you!
* * * LOW HITPOINT WARNING * * *
You are knocked back by the lance of force.
You slam into the rock wall!
* * * LOW HITPOINT WARNING * * *
Okay, then.
As you read the scroll labelled FAMIKHL CORUB, it crumbles to dust.
You hear a loud clanging noise!
It was a scroll of noise.
The rakshasa blinks!
As you read the scroll labelled WIAXZISM GULO, it crumbles to dust.
It is a scroll of enchant weapon.
Your +5 war axe glows red for a moment.
The spriggan defender skeleton is struck by your spines.
Flame seeps out of the spriggan defender skeleton.
The spriggan defender skeleton hits you.
* * * LOW HITPOINT WARNING * * *
The rakshasa weaves an illusion.
The spriggan defender skeleton shimmers and seems to become two!
The spriggan defender skeleton is engulfed in blazing flames.
Flame seeps out of the spriggan defender skeleton.
The spriggan defender skeleton is struck by your spines.
Flame seeps out of the spriggan defender skeleton.
The spriggan defender skeleton hits you!
* * * LOW HITPOINT WARNING * * *
The spriggan defender skeleton is engulfed in blazing flames.
Flame seeps out of the spriggan defender skeleton.
You block the spriggan defender skeleton's attack.
The spriggan defender skeleton is struck by your spines.
Flame seeps out of the spriggan defender skeleton.
The spriggan defender skeleton hits you!
* * * LOW HITPOINT WARNING * * *
The spriggan defender skeleton is struck by your spines.
Flame seeps out of the spriggan defender skeleton.
The spriggan defender skeleton hits you.
You die...
Your body crumbles into a pile of gold.

##.. .##....#
.........##.#
....#.#...#.#
...........# #
## #..#... # #.
#. .#..... #.
#.###..###.....
#....#..#.#....
#...#hZ#.#.# ..
#....#Z°.R# #..
...#......##.#
## .#........#.
# ...##...#.#
#..
#....##..#.# .
.§## ####.. ##
..# .#.


You could see a rakshasa (inner flame) and 2 spriggan defender skeletons.

Vanquished Creatures
  Harold (D:11)
  Erica (D:10)
  A two-headed ogre (D:11)
  An unseen horror (D:9)
  Maggie (D:9)
  Grinder (D:6)
  Prince Ribbit (D:8)
  15 yaks
  A wraith (Abyss:1)
  A wyvern (D:10)
  2 steam dragons (D:8)
  2 acid dragons
  3 water moccasins (D:10)
  4 orc warriors
  5 black bears
  2 sky beasts
  An ice beast (D:7)
  7 centaurs
  2 kobold brigands
  A phantom (D:5)
  2 gnoll sergeants
  6 bullfrogs
  2 scorpions
  14 wights
  6 killer bees (D:9)
  A bombardier beetle (D:7)
  2 hounds
  A jelly (D:5)
  3 orc priests
  Crazy Yiuf (D:7)
  2 sleepcaps
  Natasha (D:3)
  9 orc wizards
  Ijyb (D:4)
  3 iguanas
  19 gnolls
  4 adders
  2 ufetubi (D:5)
  2 ribbon worms
  4 dart slugs
  44 orcs
  3 bat zombies (D:4)
  12 endoplasms
  6 giant cockroaches
  8 goblins
  7 hobgoblins
  2 jackals (D:1)
  13 kobolds
  3 quokkas
  8 ball pythons
  4 bats
  3 frilled lizards
  2 rats
253 creatures vanquished.

Notes
Turn   | Place    | Note
-------+----------+-------------------------------------------
     0 | D:1      | Jaq the Demonspawn Shapeshifter began the quest for the
                  | Orb.
     0 | D:1      | Reached XP level 1. HP: 15/15 MP: 1/1
   133 | D:1      | Reached skill level 3 in Unarmed Combat
   133 | D:1      | Gained mutation: Your touch may inflict minor irresistible
                  | damage on your foes. [demonic ancestry]
   133 | D:1      | Reached XP level 2. HP: 21/21 MP: 2/2
   361 | D:1      | Found Xiugific's Armour Shop.
   789 | D:1      | Gained mutation: You regenerate magic rapidly. [demonic
                  | ancestry]
   789 | D:1      | Reached XP level 3. HP: 24/27 MP: 3/3
   996 | D:2      | Found a faded altar of an unknown god.
  1230 | D:2      | Gained mutation: Your touch may inflict irresistible damage
                  | on your foes. [demonic ancestry]
  1230 | D:2      | Reached XP level 4. HP: 19/33 MP: 4/4
  1841 | D:3      | Reached skill level 4 in Unarmed Combat
  2028 | D:3      | Noticed Natasha
  2038 | D:3      | Killed Natasha
  2039 | D:3      | Gained mutation: You are partially covered in sharp spines.
                  | [demonic ancestry]
  2039 | D:3      | Reached XP level 5. HP: 19/39 MP: 5/5
  2659 | D:4      | Found Eberudoe's Assorted Antiques.
  2800 | D:4      | Found a large runed translucent door.
  2800 | D:4      | Found a large runed translucent door.
  2832 | D:4      | Found a large runed translucent door.
  2832 | D:4      | Found a large runed translucent door.
  2858 | D:4      | Found an ancient bone altar of Kikubaaqudgha.
  2955 | D:4      | Found a staircase to the Ecumenical Temple.
  2994 | D:4      | Found Jenemur's Distillery.
  3037 | Temple   | Entered the Ecumenical Temple
  3067 | Temple   | Became a worshipper of Gozag Ym Sagoz the Greedy
  3136 | D:4      | Identified the ring "Loexopn" {rPois rC- Str+3 Dex+2}
  3192 | D:4      | Gained mutation: Your touch may irresistibly damage your
                  | foes and sap their willpower. [demonic ancestry]
  3192 | D:4      | Reached XP level 6. HP: 47/47 MP: 6/6
  3269 | D:4      | Noticed Ijyb
  3274 | D:4      | Killed Ijyb
  3298 | D:4      | Found Vel Mughia's Antique Armour Shoppe.
  3468 | D:4      | Reached skill level 5 in Unarmed Combat
  3732 | D:4      | Reached XP level 7. HP: 53/53 MP: 7/7
  3891 | D:4      | Identified the +2 pair of gloves "Puisuaf" {rElec rF+ Will+
                  | Slay+4}
  3899 | D:4      | Got the Directory of Niveous Bones
  4172 | D:4      | Found Pedon's Book Shoppe.
  4248 | D:5      | Entered Level 5 of the Dungeon
  4275 | D:5      | Reached skill level 6 in Unarmed Combat
  4948 | D:6      | Found a snail-covered altar of Cheibriados.
  5058 | D:6      | Found Geits's Magic Scroll Shoppe.
  5063 | D:6      | Reached XP level 8. HP: 61/61 MP: 8/8
  5255 | D:6      | Noticed Grinder
  5265 | D:6      | Killed Grinder
  5266 | D:6      | Reached skill level 5 in Fighting
  5266 | D:6      | Reached skill level 7 in Unarmed Combat
  5266 | D:6      | Reached skill level 5 in Shapeshifting
  5438 | D:6      | Found Laomev's Armour Boutique.
  5468 | D:6      | Found Puistre's Magic Scroll Shop.
  5667 | D:6      | Found a basalt altar of Yredelemnul.
  5671 | D:6      | Found Zawn's Antique Armour Emporium.
  5671 | D:6      | Found Gowk's Weapon Boutique.
  6169 | D:7      | Reached skill level 8 in Unarmed Combat
  6287 | D:7      | Found a runed translucent door.
  6288 | D:7      | Noticed Crazy Yiuf
  6319 | D:7      | Gained mutation: You are mostly covered in sharp spines.
                  | [demonic ancestry]
  6319 | D:7      | Reached XP level 9. HP: 69/69 MP: 9/9
  6762 | D:7      | Killed Crazy Yiuf
  7046 | D:8      | Reached skill level 9 in Unarmed Combat
  7129 | D:8      | Noticed Prince Ribbit
  7141 | D:8      | Killed Prince Ribbit
  7398 | D:8      | Reached XP level 10. HP: 44/79 MP: 10/10
  7662 | D:8      | Reached skill level 10 in Unarmed Combat
  8580 | D:9      | Noticed Maggie
  8587 | D:9      | Killed Maggie
  8759 | D:10     | Entered Level 10 of the Dungeon
  8759 | D:10     | Found Mumawo's Jewellery Shop.
  8771 | D:10     | Found a staircase to the Lair.
  8782 | D:10     | Reached skill level 11 in Unarmed Combat
  9105 | D:10     | Reached XP level 11. HP: 87/87 MP: 11/11
  9176 | D:10     | Noticed Erica
  9196 | D:10     | Killed Erica
  9854 | D:10     | Bought a +4 ring of slaying for 1326 gold pieces
  9871 | D:11     | Noticed Harold
  9883 | D:11     | Killed Harold
  9887 | D:11     | Noticed a two-headed ogre
  9896 | D:11     | Killed a two-headed ogre
 10216 | D:11     | Noticed Erolcha
 10262 | Abyss:1  | Found a corrupted altar of Lugonu.
 10262 | Abyss:1  | Cast into level 1 of the Abyss (Erolcha)
 10307 | Abyss:1  | Noticed a rakshasa
 10315 | Abyss:1  | HP: 1/87 [spriggan defender skeleton (10)]
 10315 | Abyss:1  | Slain by a spriggan defender skeleton (illusionary)

Illustrated notes

Levels and vault maps discovered:
D:1:      heliophobic_arrival_ceremonial_halls, layout_basic, serial_shops,
          nicolae_shop_tiny_real_fake_doors
D:2:      minmay_diamond_boxcup, layout_basic, chequers_ecumenical_altar_simple,
          amcnicky_mini_rare_corridor_liquid, minmay_fountain_box
D:3:      layout_loops_ring, mainiacjoe_overflow_alcove_1, uniq_natasha
D:4:      layout_layer_cave, lemuel_zombie_altar_kikubaaqudgha,
          minmay_temple_entry_ruins, serial_shops,
          nicolae_shop_overgrown_old_shop, shop_fountains, shop,
          nicolae_shop_behind_doors, minmay_hollow_rounded_squares, uniq_ijyb
D:5:      layout_rooms, mainiacjoe_overflow_alcove_4
D:6:      layout_cave_pods, lemuel_tele_altar, mainiacjoe_overflow_brackets,
          serial_shops, nicolae_shop_getting_attention, shop, shop_statue, shop,
          shop_statue, uniq_grinder
D:7:      layout_rooms, uniq_crazy_yiuf_cottage
D:8:      layout_basic, uniq_prince_ribbit1
D:9:      layout_basic, uniq_maggie
D:10:     layout_cave_pools, due_lair_maze_entry_diamond, serial_shops, shop,
          uniq_erica
D:11:     layout_loops_cross, uniq_erolcha, uniq_harold
Temple:   nicolae_temple_bog_church
Abyss:1:  base: D:9, minivault_24

Skill      XL: |  1  2  3  4  5  6  7  8  9 10 11 |
---------------+----------------------------------+-----
Unarmed Combat | 3 4 5 6 8 9 11 | 11.7
Shapeshifting  | 3 4 5 6 7 8 |  8.7
Fighting       | 2 3 4 5 7 8 |  8.8
Dodging        | |  1.7

Action                     |  1- 3 |  4- 6 |  7- 9 | 10-12 || total
---------------------------+-------+-------+-------+-------++-------
  Melee: Unarmed           |   100 |   125 |   209 |   165 ||   599
         Touch             |    10 |    16 |    35 |    36 ||    97
         Punch             |     1 |       |    11 |    14 ||    26
  Throw: Dart              |       |       |     5 |     6 ||    11
         Throwing net      |       |       |       |     5 ||     5
  Evoke: Wand              |       |       |       |     5 ||     5
    Use: Scroll            |     4 |     5 |    10 |     7 ||    26
         Potion            |       |     6 |     6 |     5 ||    17
   Stab: Distracted        |       |       |       |     1 ||     1
         Invisible         |       |       |       |     1 ||     1
         Held in net/web   |       |       |       |     2 ||     2
 Armour: Animal skin       |    31 |       |       |       ||    31
         Scale mail        |    18 |    89 |   154 |   139 ||   400
         Ring mail         |     1 |       |       |       ||     1
         Skin              |       |    25 |       |       ||    25
  Dodge: Dodged            |    54 |    49 |    87 |    72 ||   262
  Block: Other             |       |       |    38 |    39 ||    77
         Reflection        |       |       |     8 |     5 ||    13

Table legend: (Time is in decaauts)
 A = Elapsed time spent in this place.
 B = Non-inter-level travel time spent in this place.
 C = Inter-level travel time spent in this place.
 D = Time resting spent in this place.
 E = Time spent auto-exploring this place.
 F = Levels seen in this place.
 G = Mean time per level.
                   A        B        C        D        E       F      G
               +--------+--------+--------+--------+--------+-----+--------+
         Total |  10222 |   9750 |    472 |      0 |   8090 |  13 |  786.3 |
       Dungeon |  10127 |   9669 |    458 |      0 |   8063 |  11 |  920.6 |
        Temple |     41 |     27 |     14 |      0 |      0 |   1 |   41.0 |
         Abyss |     53 |     53 |      0 |      0 |     27 |   1 |   53.0 |
               +--------+--------+--------+--------+--------+-----+--------+

Top non-repeatable levels by time:
     D:4: 1567 daAuts
     D:6: 1123 daAuts
    D:10: 1105 daAuts
     D:8: 1030 daAuts
     D:1: 956 daAuts
     D:3: 943 daAuts
     D:9: 919 daAuts
     D:2: 705 daAuts
     D:7: 692 daAuts
     D:5: 684 daAuts
    D:11: 398 daAuts
 Abyss:1: 53 daAuts
  Temple: 41 daAuts
